 Dungeon Crawl Stone Soup version 0.24-a0-520-g8fd06ad0bc (webtiles) character file.

Game seed: 5020893645876280018

168443 night the Peltast (level 17, -3/154 HPs)
             Began as a Minotaur Fighter on July 18, 2019.
             Was the Champion of Zin.
             Killed from afar by Nikola (12 damage)
             ... with a chain lightning
             ... on level 1 of the Spider Nest on July 25, 2019.
             The game lasted 02:00:43 (34152 turns).

night the Peltast (Minotaur Fighter)               Turns: 34152, Time: 02:00:44

Health: -3/154     AC: 13    Str: 30    XL:     17   Next: 33%
Magic:  27/27      EV: 18    Int:  7    God:    Zin [******]
Gold:   328        SH: 26    Dex: 18    Spells: 16/16 levels left

rFire    . . .     SeeInvis +   b - +8 hunting sling (flame)
rCold    . . .     Gourm    .   Q - +0 large shield
rNeg     + . .     Faith    .   z - +0 scale mail of Junufips {*Contam MR+++ Dex+7}
rPois    .         Spirit   .   (helmet restricted)
rElec    .         Reflect  +   Y - +1 cloak "Estroemm" {rCorr Int+2}
rCorr    +         Harm     .   O - +0 pair of gloves {Str+3}
MR       ++++.                  (no boots)
Stlth    ..........             D - +3 amulet of reflection
HPRegen  0.35/turn              k - ring of positive energy
MPRegen  0.20/turn              W - ring of see invisible

@: no status effects
A: retaliatory headbutt, horns 2
a: Recite, Vitalisation, Imprison, Sanctuary, Donate Gold, Renounce Religion


You were on level 1 of the Spider Nest.
You worshipped Zin.
Zin was exalted by your worship.
You were not hungry.

You visited 6 branches of the dungeon, and saw 27 of its levels.
You also visited: Ice Cave.

You collected 2676 gold pieces.
You spent 2123 gold pieces at shops.
You donated 225 gold pieces to Zin.

Inventory:

Hand Weapons
 a - the +11 lance "Wyrmbane" {slay drac, rPois rF+ rC+ AC+3}
   (You found it on level 8 of the Dungeon)

   It affects your AC (+3).
   It protects you from fire.
   It protects you from cold.
   It protects you from poison.
 b - a +8 hunting sling of flaming (weapon)
 B - a +3 falchion of holy wrath
 I - the +6 short sword "Pihu" {pierce, rElec Str+5}
   (You found it on level 5 of the Lair of Beasts)

   It inflicts extra damage upon your enemies.
   It affects your strength (+5).
   It insulates you from electricity.
Missiles
 h - 739 stones
 i - 199 sling bullets (quivered)
 m - 52 poisoned darts
 q - 2 curare-tipped darts
 r - 8 javelins
 y - 4 boomerangs of dispersal
 E - 16 boomerangs
 R - 8 silver boomerangs
 T - 5 silver javelins
Armour
 z - the +0 scale mail of Junufips (worn) {*Contam MR+++ Dex+7}
   (You found it on level 5 of the Dungeon)

   It affects your dexterity (+7).
   It affects your resistance to hostile enchantments.
   It causes magical contamination when unequipped.
 O - a +0 pair of gloves of strength (worn)
 Q - a +0 large shield (worn)
 Y - the +1 cloak "Estroemm" (worn) {rCorr Int+2}
   (You bought it in a shop on level 5 of the Dungeon)

   It affects your intelligence (+2).
   It provides partial protection from all sources of acid and corrosion.
Jewellery
 k - a ring of positive energy (left hand)
 p - an uncursed ring of positive energy
 t - an uncursed ring of magical power
 A - an uncursed ring of protection from magic
 D - a +3 amulet of reflection (around neck)
 M - an uncursed ring of resist corrosion
 P - an uncursed ring of fire
 W - a ring of see invisible (right hand)
Wands
 w - a wand of disintegration (10)
 G - a wand of iceblast (17)
 H - a wand of flame (20)
 J - a wand of acid (24)
 U - a wand of enslavement (10)
Scrolls
 c - a scroll of enchant armour
 e - 2 scrolls of magic mapping
 l - a scroll of identify
 n - 12 scrolls of teleportation
 o - 12 scrolls of remove curse
 s - 5 scrolls of fear
 S - 2 scrolls of blinking
 V - a scroll of silence
 X - 2 scrolls of fog
Potions
 d - 4 potions of might
 g - 4 potions of curing
 j - 5 potions of heal wounds
 u - 5 potions of magic
 v - 3 potions of invisibility
 x - a potion of haste
 F - a potion of flight
 K - 3 potions of agility
 L - 3 potions of brilliance
 Z - a potion of ambrosia
Comestibles
 f - 36 rations


   Skills:
 + Level 14.4 Fighting
 - Level 12.4 Long Blades
 - Level 12.0 Polearms
 - Level 13.3 Armour
 - Level 11.9 Dodging
 * Level 16.3 Shields
 * Level 15.4 Invocations
 + Level 1.5 Evocations


You had 16 spell levels left.
You didn't know any spells.
Your spell library contained the following spells:

 Spells                   Type           Power        Failure   Level  Hunger
 Animate Skeleton         Necr           N/A          94%         1    ##.....
 Apportation              Tloc           #.....       94%         1    ##.....
 Beastly Appendage        Tmut           #.....       94%         1    ##.....
 Confusing Touch          Hex            #.....       94%         1    ##.....
 Corona                   Hex            #......      94%         1    ##.....
 Magic Dart               Conj           #...         94%         1    ##.....
 Shock                    Conj/Air       #...         94%         1    ##.....
 Summon Small Mammal      Summ           #...         94%         1    ##.....
 Blink                    Tloc           N/A          98%         2    ###....
 Call Imp                 Summ           #.......     98%         2    ###....
 Passwall                 Tmut/Erth      #.......     98%         2    ###....
 Searing Ray              Conj           #.....       98%         2    ###....
 Slow                     Hex            #.......     98%         2    ###....
 Sticks to Snakes         Tmut           #.......     98%         2    ###....
 Swiftness                Chrm/Air       #.......     98%         2    ###....
 Call Canine Familiar     Summ           #.......     100%        3    ####...
 Conjure Flame            Conj/Fire      #.......     100%        3    ####...
 Dazzling Spray           Conj/Hex       #.....       100%        3    ####...
 Ignite Poison            Fire/Tmut/Pois #.......     100%        3    ####...
 Inner Flame              Hex/Fire       #.......     100%        3    ####...
 Mephitic Cloud           Conj/Pois/Air  #.......     100%        3    ####...
 Portal Projectile        Hex/Tloc       #.....       100%        3    ####...
 Spider Form              Tmut/Pois      #.........   100%        3    ####...
 Static Discharge         Conj/Air       #.......     100%        3    ####...
 Summon Guardian Golem    Hex/Summ       #.......     100%        3    ####...
 Airstrike                Air            #.........   100%        4    #####..
 Cause Fear               Hex            #.........   100%        4    #####..
 Force Lance              Conj/Tloc      #.......     100%        4    #####..
 Fulminant Prism          Conj/Hex       #.........   100%        4    #####..
 Ice Form                 Ice/Tmut       #.......     100%        4    #####..
 Iskenderun's Mystic Bla  Conj           #.......     100%        4    #####..
 Leda's Liquefaction      Hex/Erth       #.........   100%        4    #####..
 Summon Ice Beast         Ice/Summ       #.......     100%        4    #####..
 Summon Lightning Spire   Summ/Air       #.......     100%        4    #####..
 Alistair's Intoxication  Tmut/Pois      #.......     100%        5    ######.
 Blade Hands              Tmut           #.........   100%        5    ######.
 Lightning Bolt           Conj/Air       #.........   100%        5    ######.
 Statue Form              Tmut/Erth      #........    100%        6    #######


Dungeon Overview and Level Annotations

Branches:
Dungeon (15/15)            Temple (1/1) D:4            Lair (6/6) D:8
 Shoals (0/4) Lair:4       Spider (2/4) Lair:2        Slime (0/5) Lair:6
    Orc (2/2) D:9             Elf (0/3) Orc:2        Vaults (0/5) D:14
 Depths (1/5) D:15

Altars:
Ashenzari
Cheibriados
Dithmenos
Elyvilon
Fedhas
Gozag
Hepliaklqana
Kikubaaqudgha
Makhleb
Nemelex Xobeh
Okawaru
Qazlal
Ru
Sif Muna
Trog
Uskayaw
Vehumet
Wu Jian
Xom
Yredelemnul
Zin
The Shining One
Beogh
Jiyva

Shops:
D:4 ?   D:5 ?!(![   D:6 *   D:8 =   D:13 *   D:15 }   Orc:2 ([=%

Portals:
Hell: Lair:6 Depths:1
Ziggurat: Depths:1

Annotations:
D:12 1 runed translucent door, KristoblXynda's ghost, journeyman MiFi
Spider:1 Nikola
Depths:1 exclusions: 2 angels and 2 more exclusions


Innate Abilities, Weirdness & Mutations

You reflexively headbutt those who attack you in melee.
You have a pair of horns on your head.


Message History

The sling bullet burns Nikola.
Nikola is severely wounded.
Firing (i - inventory. (/) - cycle)
i - 201 sling bullets (quivered)
Press: ? - help, Shift-Dir - straight line, f/p - Nikola
Aim: Nikola, wielding a +1 rapier of electrocution, wearing a +0 cloak and wearing the cursed +0 pair of gloves of Polytheism {*Contam rPois rCorr} (severely wounded)
You shoot a sling bullet. The sling bullet hits Nikola!
The sling bullet burns Nikola.
Nikola is severely wounded.
Firing (i - inventory. (/) - cycle)
i - 200 sling bullets (quivered)
Press: ? - help, Shift-Dir - straight line, f/p - Nikola
Aim: Nikola, wielding a +1 rapier of electrocution, wearing a +0 cloak and wearing the cursed +0 pair of gloves of Polytheism {*Contam rPois rCorr} (severely wounded)
You shoot a sling bullet. The sling bullet hits Nikola!
The sling bullet burns Nikola.
Nikola is almost dead.
Nikola casts a spell.
You hear a mighty clap of thunder!
The lightning arc hits you!!!
* * * LOW HITPOINT WARNING * * *
The lightning arc hits Nikola!
The lightning arc hits you!
You die...

#..##...#^.....###.......###.....
...≈....#.^......≈.....### #≈##..
#..##...##....#.####....# #####.
....##...≈..(.###.###...# ##
.#...##.≈#...##....[##.##
.#....###...!........####
.#.^.###......@......#..##
##...#.#####......#......#
.....#..........@.#....###
.....#......^>....#...##
.....#......#..##.#≈###
....#≈##..###...#####
..≈##......##.[..#
#≈##...^#...##...#
#####.###>..###### ### #...#
#.≈≈#


You could see Nikola.

Vanquished Creatures
  A sphinx (D:15)
  Kirke (Spider:2)
  Agnes (Spider:1)
  Roxanne (D:15)
  2 orc warlords (Orc:2)
  Louise (Spider:2)
  2 emperor scorpions (Spider:1)
  A reaper (IceCv)
  6 very ugly things (D:15)
  An entropy weaver (Spider:2)
  3 stone giants (Depths:1)
  A spark wasp (Spider:2)
  Snorg (D:10)
  A fire dragon (D:15)
  4 ettins
  Erolcha (Orc:1)
  A great orb of eyes (Depths:1)
  5 hydras
  A rakshasa (Depths:1)
  4 vault guards
  A centaur warrior (D:15)
  A catoblepas (Lair:6)
  3 ogre magi (Depths:1)
  2 tengu warriors
  13 two-headed ogres
  2 deep troll shamans
  2 deep troll earth magi
  6 death yaks (Lair:4)
  The ghost of pk666 the Thaumaturge, a journeyman DEWz of Vehumet (D:9)
  Urug (Lair:3)
  Nergalle (Lair:3)
  2 iron trolls (D:15)
  A sixfirhy (Lair:6)
  10 skeletal warriors
  A flayed ghost (D:15)
  An unseen horror (D:12)
  A spark wasp zombie (D:15)
  A glowing orange brain (Depths:1)
  5 deep trolls
  2 wizards
  A lindwurm (Lair:3)
  2 orc knights
  A deep elf mage (D:14)
  A necromancer (D:15)
  A wolf spider zombie (D:15)
  6 orb spiders (Spider:2)
  12 wolf spiders
  14 ugly things
  3 orc sorcerers (Orc:2)
  A frost giant zombie (D:15)
  3 cyclopes
  Joseph (D:10)
  2 ice statues (IceCv)
  2 centaur zombies
  4 manticores
  10 elephants (Lair:6)
  A moth of wrath (Spider:2)
  3 black mambas
  2 torpor snails
  2 orange demons (Lair:6)
  14 spiny frogs
  A gargoyle (D:12)
  5 rime drakes
  6 komodo dragons
  3 tengu conjurers
  9 demonic crawlers
  2 yaktaurs (Depths:1)
  A yaktaur zombie (D:15)
  10 ice devils
  A hellwing (Lair:6)
  A red devil (Lair:6)
  9 jumping spiders
  A polar bear (shapeshifter) (Depths:1)
  A polar bear (Lair:6)
  9 trolls
  A wolf spider simulacrum (D:14)
  A hornet (Spider:1)
  21 blink frogs
  An ice dragon zombie (D:15)
  13 hippogriffs
  24 dream sheep
  2 centaur simulacra (D:12)
  2 shadows
  25 redbacks
  A wraith (D:13)
  8 spriggans (Lair:1)
  A human (D:7)
  18 tarantellas
  70 yaks
  A vampire (D:11)
  9 hogs
  A hungry ghost (D:11)
  A basilisk (Lair:1)
  2 vampire mosquitoes (D:15)
  A wyvern (D:13)
  A steam dragon (D:14)
  4 wargs (Orc:1)
  A naga (shapeshifter) (Depths:1)
  2 acid dragons
  4 hell hounds (Lair:6)
  10 water moccasins
  2 porcupines
  An eye of draining (D:14)
  37 orc warriors
  7 sky beasts
  23 ogres
  A black bear (D:10)
  4 ice beasts
  4 necrophages
  2 phantoms
  21 wolves
  11 centaurs
  10 crocodiles
  4 big kobolds
  23 bullfrogs
  A wyvern skeleton (D:14)
  3 scorpions
  2 howler monkeys (D:11)
  17 wights
  An electric eel (D:12)
  2 vampire bats (Orc:1)
  8 crimson imps
  3 bullfrog zombies
  8 hounds
  A quasit (D:10)
  5 jellies
  4 bullfrog skeletons
  30 orc priests
  5 centaur skeletons
  2 iguanas
  29 orc wizards
  15 worker ants
  7 hell rats (Lair:5)
  2 bullfrog simulacra (D:12)
  A hound zombie (D:10)
  A hound skeleton (D:9)
  A worker ant zombie (D:5)
  A howler monkey zombie (D:7)
  3 gnolls
  20 adders
  2 shadow imps (D:9)
  16 white imps
  4 ufetubi
  An ooze (D:1)
  2 adder skeletons (D:4)
  6 worms
  2 dart slugs (D:1)
  7 leopard geckos
  105 orcs
  11 bats
  6 giant cockroaches
  A goblin (D:2)
  12 hobgoblins
  16 jackals
  29 kobolds
  4 quokkas
  3 ball pythons
  5 frilled lizards
  5 rats
  A fungus (Lair:3)
  A pillar of salt (D:15)
1027 creatures vanquished.

Vanquished Creatures (collateral kills)
  A wolf spider (Spider:1)
1 creature vanquished.

Vanquished Creatures (others)
  2 centaur warriors
  2 cyclopes
  3 yaktaurs (Depths:1)
  A hornet (Spider:2)
  2 centaurs
  An orc wizard (D:5)
  A white imp (IceCv)
  6 ufetubi (IceCv)
  An orc (Orc:2)
  A kobold (D:14)
  2 bushes
  17 fungi
  3 pillars of salt
  11 plants
  A withered plant (D:15)
54 creatures vanquished.

Grand Total: 1082 creatures vanquished

Notes
Turn   | Place    | Note
-------+----------+-------------------------------------------
     0 | D:1      | night the Minotaur Fighter began the quest for the Orb.
     0 | D:1      | Reached XP level 1. HP: 19/19 MP: 0/0
    81 | D:1      | Reached XP level 2. HP: 23/26 MP: 1/1
   577 | D:2      | Reached XP level 3. HP: 31/31 MP: 2/2
   694 | D:2      | Reached skill level 5 in Long Blades
   913 | D:2      | Reached XP level 4. HP: 27/39 MP: 3/3
  1604 | D:3      | Reached XP level 5. HP: 41/45 MP: 4/4
  2135 | D:4      | Noticed an ogre
  2139 | D:4      | Killed an ogre
  2303 | D:4      | Found a staircase to the Ecumenical Temple.
  2312 | Temple   | Entered the Ecumenical Temple
  2386 | Temple   | Became a worshipper of Zin the Law-Giver
  2386 | Temple   | Reached * piety under Zin
  2399 | D:4      | Reached XP level 6. HP: 51/51 MP: 5/5
  2528 | D:4      | Found Voirycie's Magic Scroll Shoppe.
  2542 | D:4      | Bought a scroll of teleportation for 36 gold pieces
  2542 | D:4      | Bought a scroll of enchant armour for 90 gold pieces
  2542 | D:4      | Bought a scroll of remove curse for 36 gold pieces
  2588 | D:4      | Found a shimmering altar of Xom.
  2588 | D:4      | Found a shimmering altar of Xom.
  2590 | D:4      | Found a shimmering altar of Xom.
  2590 | D:4      | Found a shimmering altar of Xom.
  2593 | D:4      | Found a shimmering altar of Xom.
  2593 | D:4      | Found a shimmering altar of Xom.
  2595 | D:4      | Found a shimmering altar of Xom.
  2630 | D:4      | Reached skill level 1 in Invocations
  3269 | D:5      | Entered Level 5 of the Dungeon
  3278 | D:5      | Found Riufixtese's Antique Weapon Emporium.
  3380 | D:5      | Found Qidar's Magic Scroll Shoppe.
  3389 | D:5      | Bought a scroll of fear for 35 gold pieces
  3410 | D:5      | Reached XP level 7. HP: 37/57 MP: 8/8
  3522 | D:5      | Reached ** piety under Zin
  3645 | D:5      | Found Wimin's Distillery.
  3729 | D:5      | Found Ucroeg's Distillery.
  3764 | D:5      | Got a transparent scale mail
  3775 | D:5      | Identified the cursed +0 scale mail of Junufips {*Contam
                  | MR+++ Dex+7} (You found it on level 5 of the Dungeon)
  3910 | D:5      | Found Udeomeol's Antique Armour Shop.
  4058 | D:6      | Reached XP level 8. HP: 58/64 MP: 10/10
  4065 | D:6      | Reached skill level 5 in Invocations
  4150 | D:6      | Found a glowing golden altar of the Shining One.
  4180 | D:6      | Reached skill level 10 in Long Blades
  4652 | D:6      | Found Juoblino's Serpentskin Sales.
  4978 | D:7      | Found an opulent altar of Gozag.
  5098 | D:7      | Reached *** piety under Zin
  5205 | D:7      | Reached XP level 9. HP: 44/70 MP: 13/13
  6125 | D:8      | Got an ichor-stained scale mail
  6126 | D:8      | Identified the cursed +1 scale mail of Hopscotch {Str-3
                  | Int+5} (You found it on level 8 of the Dungeon)
  6255 | D:8      | Found a staircase to the Lair.
  6279 | D:8      | Found Avedoaq's Jewellery Boutique.
  6310 | D:8      | Reached **** piety under Zin
  6589 | D:8      | Found the +8 lance "Wyrmbane" {slay drac, rPois rF+ rC+
                  | AC+3}
  6704 | D:8      | Reached skill level 1 in Polearms
  6834 | D:9      | Noticed a troll
  6992 | D:9      | Killed a troll
  7436 | D:9      | Reached XP level 10. HP: 77/77 MP: 15/15
  7603 | D:9      | Found a runed translucent gate.
  7603 | D:9      | Found a runed translucent gate.
  7603 | D:9      | Found a runed translucent gate.
  7603 | D:9      | Noticed pk666's ghost (journeyman DEWz)
  7626 | D:9      | Killed pk666's ghost
  7626 | D:9      | Reached skill level 5 in Polearms
  7772 | D:9      | Reached ***** piety under Zin
  7943 | D:9      | Found a staircase to the Orcish Mines.
  8112 | D:10     | Entered Level 10 of the Dungeon
  8321 | D:5      | Bought a runed shield for 210 gold pieces
  8467 | D:10     | Noticed Snorg
  8804 | D:10     | Killed Snorg
  8804 | D:10     | Reached skill level 10 in Invocations
  9174 | D:10     | Noticed Joseph
  9185 | D:10     | Killed Joseph
  9218 | D:10     | Upgraded the game from 0.24-a0-507-g3e8b242632 to
                  | 0.24-a0-509-ga1643a6788
  9698 | D:11     | Reached XP level 11. HP: 81/84 MP: 18/18
  9877 | D:11     | Reached skill level 5 in Fighting
 10850 | Lair:1   | Entered Level 1 of the Lair of Beasts
 10850 | Lair:1   | Noticed a seven-headed hydra
 11469 | D:8      | Killed a seven-headed hydra
 11469 | D:8      | Reached skill level 1 in Dodging
 11469 | D:8      | Reached skill level 4 in Shields
 11671 | Lair:1   | Identified a scroll of acquirement
 11921 | Lair:1   | Reached skill level 10 in Polearms
 11921 | Lair:1   | Reached skill level 5 in Armour
 11921 | Lair:1   | Reached skill level 5 in Shields
 12362 | Lair:2   | Reached XP level 12. HP: 32/100 MP: 19/19
 12719 | Lair:2   | Found a hole to the Spider Nest.
 13322 | Lair:3   | Noticed Urug
 13422 | Lair:3   | Killed Urug
 13422 | Lair:3   | Reached skill level 6 in Shields
 13833 | Lair:3   | Noticed Nergalle
 13849 | Lair:3   | Killed Nergalle
 13931 | Lair:3   | Reached skill level 5 in Dodging
 14322 | D:5      | Bought a pitted chain mail for 266 gold pieces
 14322 | D:5      | Identified the +2 chain mail "Jyetak" {rPois rN+ Stlth+}
                  | (You bought it in a shop on level 5 of the Dungeon)
 14324 | D:5      | Got a crude ring mail
 14325 | D:5      | Identified the +1 ring mail "Icul" {*Corrode rPois Str+4
                  | Int+3} (You acquired it on level 5 of the Dungeon)
 14434 | Lair:4   | Found a staircase to the Shoals.
 14454 | Lair:4   | Found a frozen archway.
 14469 | IceCv    | Entered an ice cave
 14866 | IceCv    | Reached skill level 7 in Shields
 15776 | IceCv    | Noticed a reaper
 15786 | IceCv    | Killed a reaper
 16269 | Lair:4   | Reached XP level 13. HP: 111/111 MP: 20/20
 16283 | Lair:4   | Reached skill level 8 in Shields
 16649 | Lair:4   | Upgraded the game from 0.24-a0-509-ga1643a6788 to
                  | 0.24-a0-517-gd52e2fb918
 16905 | Lair:4   | Reached skill level 10 in Fighting
 16905 | Lair:4   | Reached skill level 9 in Shields
 16989 | Lair:4   | You fall into a shaft and drop 2 floors!
 16989 | Lair:6   | Entered Level 6 of the Lair of Beasts
 17396 | Lair:6   | Reached skill level 10 in Armour
 17641 | Lair:6   | Found a shimmering altar of Xom.
 17656 | Lair:6   | Reached skill level 10 in Shields
 17675 | Lair:6   | Got a dazzling scimitar
 17676 | Lair:6   | Identified the +9 scimitar of the Endless Blessings
                  | {freeze, -Tele rC+ SInv} (You found it on level 6 of the
                  | Lair of Beasts)
 17906 | Lair:6   | Reached XP level 14. HP: 74/124 MP: 21/21
 18188 | Lair:6   | Upgraded the game from 0.24-a0-517-gd52e2fb918 to
                  | 0.24-a0-520-g8fd06ad0bc
 19615 | Lair:5   | Got a transparent short sword
 19616 | Lair:5   | Identified the +6 short sword "Pihu" {pierce, rElec Str+5}
                  | (You found it on level 5 of the Lair of Beasts)
 19713 | Lair:6   | Found a staircase to the Slime Pits.
 19714 | Lair:6   | Found a viscous altar of Jiyva.
 20035 | Lair:6   | Reached skill level 11 in Shields
 20039 | Lair:6   | Found a burning altar of Makhleb.
 20283 | Lair:6   | Found a gateway to Hell.
 20620 | D:5      | Bought a scorched cloak for 266 gold pieces
 20630 | D:5      | Identified the +1 cloak "Estroemm" {rCorr Int+2} (You
                  | bought it in a shop on level 5 of the Dungeon)
 20739 | Orc:1    | Entered Level 1 of the Orcish Mines
 20749 | Orc:1    | Noticed Erolcha
 20763 | Orc:1    | Killed Erolcha
 20950 | Orc:1    | Reached ****** piety under Zin
 21049 | Orc:2    | Entered Level 2 of the Orcish Mines
 21205 | Orc:2    | Noticed an orc warlord
 21553 | Orc:2    | Killed an orc warlord
 21800 | Orc:2    | Found a roughly hewn altar of Beogh.
 21890 | Orc:2    | Found a roughly hewn altar of Beogh.
 21908 | Orc:2    | Found Lohe's Jewellery Emporium.
 21928 | Orc:2    | Bought a +3 amulet of reflection for 204 gold pieces
 21984 | Orc:2    | Found a staircase to the Elven Halls.
 22084 | Orc:2    | Found a roughly hewn altar of Beogh.
 22137 | Orc:2    | Found a roughly hewn altar of Beogh.
 22302 | Orc:2    | Noticed an orc warlord
 22447 | Orc:2    | Found a roughly hewn altar of Beogh.
 22505 | Orc:2    | Found a roughly hewn altar of Beogh.
 22553 | Orc:2    | Found a roughly hewn altar of Beogh.
 22557 | Orc:2    | Found Nuicsing's Food Shoppe.
 22560 | Orc:2    | Reached skill level 10 in Dodging
 22630 | Orc:2    | Found a roughly hewn altar of Beogh.
 22751 | Orc:2    | Killed an orc warlord
 23008 | Orc:2    | Found Opeogeso's Antique Weapon Boutique.
 23009 | Orc:2    | Found a roughly hewn altar of Beogh.
 23012 | Orc:2    | Found Xalextum's Antique Armour Shop.
 23584 | D:12     | Reached skill level 12 in Shields
 23992 | D:12     | Reached XP level 15. HP: 133/133 MP: 23/23
 24170 | D:12     | Found a runed translucent door.
 24241 | D:12     | Noticed KristoblXynda's ghost (journeyman MiFi)
 24917 | D:13     | Found Fegap's Assorted Antiques.
 25645 | D:14     | Found a gate to the Vaults.
 25914 | D:14     | Reached skill level 13 in Shields
 26271 | D:14     | Found a shadowy altar of Dithmenos.
 26625 | D:15     | Entered Level 15 of the Dungeon
 26629 | D:15     | Found Salaz's Gadget Emporium.
 26881 | D:15     | Identified Roxanne's Collected Works on Shape Shifting
 26881 | D:15     | Noticed Roxanne
 26914 | D:15     | Killed Roxanne
 26932 | D:15     | Found a staircase to the Depths.
 27443 | Orc:2    | Bought an ichor-stained plate armour for 980 gold pieces
 27443 | Orc:2    | Identified the cursed +0 plate armour of the Valley of
                  | Death {Regen+} (You bought it in a shop on level 2 of the
                  | Orcish Mines)
 27679 | D:15     | Found a basalt altar of Yredelemnul.
 27953 | Depths:1 | Entered Level 1 of the Depths
 27953 | Depths:1 | Noticed a sphinx
 27968 | D:15     | Killed a sphinx
 28068 | Depths:1 | Reached skill level 14 in Shields
 28091 | Depths:1 | Reached XP level 16. HP: 132/143 MP: 25/25
 30493 | Depths:1 | Reached skill level 15 in Shields
 30599 | Depths:1 | Found a sparkling altar of Nemelex Xobeh.
 30726 | Depths:1 | Found a gateway to a ziggurat.
 31386 | Spider:1 | Entered Level 1 of the Spider Nest
 32400 | Spider:2 | Noticed Louise
 32423 | Spider:2 | Reached XP level 17. HP: 91/152 MP: 27/27
 32459 | Spider:2 | Killed Louise
 32459 | Spider:2 | Reached skill level 15 in Invocations
 32939 | Spider:2 | Noticed Kirke
 32972 | Spider:2 | Killed Kirke
 32972 | Spider:2 | Reached skill level 16 in Shields
 33525 | Spider:2 | Noticed Agnes
 33525 | Spider:2 | Identified the cursed +0 pair of gloves of Polytheism
                  | {*Contam rPois rCorr}
 33525 | Spider:2 | Noticed Nikola
 33553 | Spider:1 | Killed Agnes
 33553 | Spider:1 | Reached skill level 1 in Evocations
 34152 | Spider:1 | Killed from afar by Nikola

Levels and vault maps discovered:
D:1:      minmay_arrival_stone_box, layout_rooms, minmay_tromino_v4_b
D:2:      layout_rooms
D:3:      layout_rooms
D:4:      layout_basic, minmay_temple_entry_slanted, first_ration, serial_shops,
          shop, nicolae_xom_altar_mimics
D:5:      layout_basic, serial_shops,
          nicolae_shop_temple_entry_statues_fountains,
          nicolae_shop_behind_doors, shop_statue, shop, shop
D:6:      layout_loops_ring, nicolae_tso_carved_into_rock, guppyfry_shop_venom
D:7:      layout_loops_cross, grunt_livestock, grunt_decor_one_mirror,
          grunt_gozag_breadcrumbs
D:8:      layout_loops_ring, dpeg_oklobed_lair, serial_shops, nicolae_shop_trees
D:9:      layout_basic, orc_0_dummy, ebering_ghost_rock_garden
D:10:     layout_roguey, uniq_snorg, uniq_joseph
D:11:     layout_loops_ring, kennysheep_small_spiral
D:12:     layout_loops_corners, ebering_ghost_reflecting_pool, serial_ice,
          serial_ice_d, serial_ice_f, serial_ice_o, serial_ice_l, serial_ice_m
D:13:     layout_roguey, serial_shops, nicolae_shop_overgrown_old_shop
D:14:     layout_rooms, lightli_vaults_fourway_checkpoint,
          nicolae_dithmenos_the_darkroom, glass_columns_c
D:15:     gammafunk_depths_entry_grave, layout_rooms, basic_altar, serial_shops,
          shop, nrook_mini_backslash, uniq_roxanne
Temple:   compressed_dpeg_circular_temple
Lair:1:   kb_forest_paths, layout_big_grid
Lair:2:   layout_chaotic_city, dummy_spider_entry, grunt_megastairs_3
Lair:3:   layout_roguey, uniq_nergalle, uniq_urug
Lair:4:   layout_cave_pods, shoals_dummy_entry, portal_ice_cave_rime,
          infiniplex_staircase_pool_2
Lair:5:   layout_loops_ring
Lair:6:   evil_forest, layout_long_grid, slime_altar_1, basic_altar,
          lemuel_fruit_tree
Spider:1: layout_spider_delve, nicolae_crawler_farm
Spider:2: nicolae_spider_corner, uniq_louise, uniq_nikola, uniq_kirke,
          uniq_agnes
Orc:1:    layout_diamond_mine, roderic_batcave, uniq_erolcha
Orc:2:    grunt_orc_community_town_hall, layout_diamond_mine,
          grunt_orc_community_big_house_1, grunt_orc_community_big_house_2,
          grunt_orc_community_house_1, grunt_orc_community_house_3,
          grunt_orc_community_house_1, grunt_orc_community_house_3,
          grunt_orc_community_house_3, grunt_orc_community_house_3
Depths:1: layout_cave_pools, enter_ziggurat_d, grunt_decor_resistance,
          pf_hell_entry_tar_spiral, nemelex_xobeh_ov_fountains_minmay

Skill      XL: |  1  2  3  4  5  6  7  8  9 10 11 12 13 14 15 16 17 |
---------------+----------------------------------------------------+-----
Long Blades    | 3 4 5 6 7 8 9 11 12 | 12.4
Invocations    | 2 4 7 9 11 12 13 14 15 | 15.4
Polearms       | 3 8 10 12 | 12.0
Fighting       | 4 7 9 11 12 13 14 | 14.4
Armour         | 5 8 10 11 12 13 | 13.3
Dodging        | 3 6 8 10 11 | 11.9
Shields        | 5 7 10 12 14 15 16 | 16.3
Evocations     | 1 |  1.5

Action                   |  1- 3 |  4- 6 |  7- 9 | 10-12 | 13-15 | 16-18 || total
-------------------------+-------+-------+-------+-------+-------+-------++-------
Melee: Long sword        |    89 |   140 |   240 |       |       |       ||   469
       Headbutt          |    12 |    28 |    79 |   181 |   552 |   263 ||  1115
       Falchion          |       |       |     4 |       |       |       ||     4
       Lance             |       |       |    67 |   716 |  1920 |   810 ||  3513
 Fire: Hunting sling     |       |       |       |    21 |     1 |     8 ||    30
Throw: Javelin           |       |     2 |     4 |       |       |       ||     6
Invok: Recite            |       |     2 |     8 |    14 |    23 |    14 ||    61
       Vitalisation      |       |       |     1 |       |       |     1 ||     2
       Sanctuary         |       |       |       |     1 |       |       ||     1
Evoke: Wand              |       |       |       |     4 |       |     4 ||     8
  Use: Scroll            |       |       |     2 |    23 |     8 |     5 ||    38
       Potion            |       |       |       |     2 |     4 |     2 ||     8
 Stab: Confused          |       |     1 |       |     9 |    16 |    20 ||    46
       Invisible         |       |       |     1 |     1 |     5 |       ||     7
       Paralysed         |       |       |       |    11 |    19 |     3 ||    33
       Held in net/web   |       |       |       |       |       |     2 ||     2
  Eat: Chunk             |       |     8 |    12 |    20 |    26 |     7 ||    73
       Ration            |       |       |       |     3 |     4 |     4 ||    11
Armor: Scale mail        |    69 |    35 |   100 |   128 |   166 |    90 ||   588
Dodge: Dodged            |    42 |    41 |    51 |   110 |   271 |   212 ||   727
Block: Shield            |    67 |    50 |   145 |   231 |   221 |       ||   714
       Large shield      |       |       |       |       |   679 |   558 ||  1237
       Reflection        |       |       |       |       |    54 |    21 ||    75
       Rpst.: Long sword |     8 |     7 |    14 |       |       |       ||    29
       Falchion          |       |       |     1 |       |       |       ||     1

Table legend:
 A = Non-vault XP
 B = Vault XP
 C = Vault XP percentage of total XP
 D = Non-vault monster count
 E = Vault monster count
 F = Vault count percentage of total count
                 A         B        C        D         E       F
            +---------+---------+-------+---------+---------+-------
      Total |  173499 |   67134 |  27.9 |     803 |     227 |  22.0
            +---------+---------+-------+---------+---------+-------
        D:1 |      53 |       1 |   1.9 |      18 |       1 |   5.3
        D:2 |     116 |       0 |   0.0 |      31 |       0 |   0.0
        D:3 |      81 |       0 |   0.0 |      19 |       0 |   0.0
        D:4 |     394 |       0 |   0.0 |      15 |       0 |   0.0
        D:5 |     509 |       0 |   0.0 |      18 |       0 |   0.0
        D:6 |    1016 |     159 |  13.5 |      27 |       3 |  10.0
        D:7 |     841 |     987 |  54.0 |      14 |       5 |  26.3
        D:8 |    2744 |       0 |   0.0 |      24 |       0 |   0.0
        D:9 |    1378 |     825 |  37.4 |      26 |       1 |   3.7
       D:10 |    1870 |    1598 |  46.1 |      26 |       2 |   7.1
       D:11 |    3719 |       0 |   0.0 |      44 |       0 |   0.0
       D:12 |    9684 |     820 |   7.8 |      43 |      12 |  21.8
       D:13 |    8753 |    1311 |  13.0 |      49 |       3 |   5.8
       D:14 |    6401 |    6324 |  49.7 |      47 |       9 |  16.1
       D:15 |   35046 |    6605 |  15.9 |      55 |       9 |  14.1
     Lair:1 |    1349 |    2157 |  61.5 |       9 |       9 |  50.0
     Lair:2 |    3255 |       0 |   0.0 |      17 |       0 |   0.0
     Lair:3 |    5616 |    1599 |  22.2 |      20 |       2 |   9.1
     Lair:4 |   13970 |     732 |   5.0 |      46 |       2 |   4.2
     Lair:5 |    3783 |       0 |   0.0 |      21 |       0 |   0.0
     Lair:6 |   17207 |   10265 |  37.4 |      67 |      26 |  28.0
   Spider:1 |   11202 |    8140 |  42.1 |      37 |      12 |  24.5
   Spider:2 |    7487 |   13231 |  63.9 |      17 |      30 |  63.8
      Orc:1 |    3033 |    1149 |  27.5 |      39 |       7 |  15.2
      Orc:2 |    4928 |    6026 |  55.0 |      29 |      68 |  70.1
   Depths:1 |   29064 |       0 |   0.0 |      45 |       0 |   0.0
      IceCv |       0 |    5205 | 100.0 |       0 |      26 | 100.0
            +---------+---------+-------+---------+---------+-------
